 Dungeon Crawl Stone Soup version 0.22-a0-512-g0943f25 (webtiles) character file.

1492225 grisnicke the Slayer (level 26, 257/257 HPs)
             Began as a Demigod Fighter on June 16, 2018.
             Escaped with the Orb
             ... and 3 runes on June 18, 2018!
             The game lasted 08:00:23 (101130 turns).

grisnicke the Slayer (Demigod Fighter)            Turns: 101130, Time: 08:00:24

Health: 257/257    AC: 47    Str: 23    XL:     26   Next: 99%
Magic:  33/33      EV: 24    Int: 18    God:
Gold:   2207       SH: 20    Dex: 23    Spells: 22/29 levels left

rFire    + + .     SeeInvis .   a - +9 eveningstar (freeze)
rCold    + . .     Gourm    .   c - +5 shield {AC+3}
rNeg     . . .     Faith    .   Y - +10 plate armour {rF+}
rPois    .         Spirit   +   X - +2 hat
rElec    +         Reflect  .   b - +2 cloak {+Inv}
rCorr    .         Harm     .   v - +3 pair of gloves of Feut {rElec}
MR       +++++                  K - +1 pair of boots of Death's Door {MR+ Int+5}
Stlth    ..........             r - amulet of guardian spirit {Spirit}
HPRegen  0.52/turn              e - ring of protection from cold {rC+, !d}
MPRegen  0.23/turn              p - ring "Epywufu" {rF+ MR++ Int-3}

@: no status effects
A: horns 1, repulsion field 1, deterioration 1, high mp 1, electricity
resistance
0: Orb of Zot
}: 3/15 runes: serpentine, barnacled, silver
a: Evoke Invisibility


You escaped.
You were not hungry.

You visited 9 branches of the dungeon, and saw 49 of its levels.
You visited 2 bazaars.
You also visited: Ossuary and Wizlab.

You collected 8650 gold pieces.
You spent 6443 gold pieces at shops.

Inventory:

Hand Weapons
 a - a +9 eveningstar of freezing (weapon)
   (You acquired it on level 2 of the Orcish Mines)
Missiles
 M - 15 throwing nets {=f, !d}
 P - 17 javelins of returning (quivered)
 Q - 30 javelins of penetration
Armour
 b - a +2 cloak of invisibility (worn)
   (You took it off a draconian knight on level 4 of the Realm of Zot)
 c - a +5 shield of protection (worn)
   (You found it on level 2 of the Depths)
 v - the +3 pair of gloves of Feut (worn) {rElec}
   (You found it on level 4 of the Dungeon)

   It insulates you from electricity.
 K - the +1 pair of boots of Death's Door (worn) {MR+ Int+5}
   (You found it on level 3 of the Elven Halls)

   It affects your intelligence (+5).
   It affects your resistance to hostile enchantments.
 X - a +2 hat (worn)
   (You found it on level 14 of the Dungeon)
 Y - a +10 plate armour of fire resistance (worn)
   (You took it off an orc warrior on level 2 of the Orcish Mines)
Jewellery
 e - a ring of protection from cold (left hand) {rC+, !d}
   (You took it off a merfolk siren on level 3 of the Shoals)
 i - an uncursed ring of see invisible {sInv, !d}
   (You found it on level 3 of the Dungeon)
 p - the ring "Epywufu" (right hand) {rF+ MR++ Int-3}
   (You took it off a deep elf elementalist on level 3 of the Elven Halls)

   [ring of intelligence]

   It affects your intelligence (-3).
   It protects you from fire.
   It affects your resistance to hostile enchantments.
 r - an amulet of guardian spirit (around neck) {Spirit}
   (You found it on level 2 of the Dungeon)
 C - the ring "Vuxt" {rN+ Str+4}
   (You took it off a yaktaur captain on level 5 of the Vaults)

   [ring of positive energy]

   It affects your strength (+4).
   It protects you from negative energy.
Wands
 l - a wand of digging (23)
   (You found it on level 2 of the Dungeon)
 q - a wand of acid (8)
   (You found it on level 4 of the Vaults)
 t - a wand of iceblast (38)
   (You bought it in a shop on level 4 of the Snake Pit)
 x - a wand of clouds (9)
   (You found it on level 8 of the Dungeon)
 E - a wand of paralysis (33)
   (You found it on level 15 of the Dungeon)
 W - a wand of scattershot (12)
   (You bought it in a shop on level 4 of the Snake Pit)
Scrolls
 m - 18 scrolls of identify
 w - 25 scrolls of remove curse
 y - 6 scrolls of fog
 F - 4 scrolls of silence
 G - 5 scrolls of fear
 I - 2 scrolls of blinking {!r}
 R - 4 scrolls of summoning
 U - 3 scrolls of magic mapping {!r}
 V - 17 scrolls of teleportation
Potions
 d - a potion of might
 g - 7 potions of brilliance
 j - 2 potions of invisibility
 k - 9 potions of magic
 n - 5 potions of flight
 u - 20 potions of curing
 z - 3 potions of haste
 B - 6 potions of heal wounds
 D - 5 potions of berserk rage {!q}
 H - a potion of mutation {!q}
 L - a potion of resistance
 N - 2 potions of agility
 O - 3 potions of ambrosia
 S - 3 potions of cancellation
Miscellaneous
 h - 2 phantom mirrors
 o - 3 boxes of beasts
 s - a phial of floods
   (You found it on level 3 of the Elven Halls)
 A - a lamp of fire
   (You found it on level 4 of the Vaults)
 T - a lightning rod (4/4)
   (You found it on level 5 of the Lair of Beasts)
Comestibles
 f - 55 rations


   Skills:
 + Level 24.8 Fighting
 - Level 16.0 Maces & Flails
 - Level 13.1 Throwing
 + Level 22.0 Armour
 + Level 19.5 Dodging
 - Level 15.0 Shields
 - Level 2.0 Spellcasting
 - Level 7.0 Translocations
 - Level 8.0 Evocations


You had 22 spell levels left.
You knew the following spells:

 Your Spells              Type           Power        Failure   Level  Hunger
b - Blink                 Tloc           N/A          8%          2    ###....
g - Apportation           Tloc           ####..       5%          1    #......
w - Passwall              Tmut/Erth      #.......     80%         2    ###....
A - Animate Skeleton      Necr           N/A          67%         1    #......
B - Summon Butterflies    Summ           #.......     67%         1    #......

Your spell library contained the following spells:

 Spells                   Type           Power        Failure   Level  Hunger
 Magic Dart               Conj           #...         67%         1    #......
 Fireball                 Conj/Fire      #.........   100%        5    ######.
 Conjure Flame            Conj/Fire      #.......     95%         3    ###....
 Bolt of Cold             Conj/Ice       #.........   100%        6    #######
 Lightning Bolt           Conj/Air       #.........   100%        5    ######.
 Bolt of Magma            Conj/Fire/Erth #.........   100%        5    ######.
 Slow                     Hex            #.......     80%         2    ###....
 Confuse                  Hex            #.......     95%         3    ###....
 Invisibility             Hex            #.......     100%        6    #######
 Throw Flame              Conj/Fire      #.....       80%         2    ###....
 Throw Frost              Conj/Ice       #.....       80%         2    ###....
 Freezing Cloud           Conj/Ice/Air   #.........   100%        6    #######
 Mephitic Cloud           Conj/Pois/Air  #.......     95%         3    ###....
 Venom Bolt               Conj/Pois      #.........   100%        5    ######.
 Death's Door             Chrm/Necr      #.........   100%        8    #######
 Summon Small Mammal      Summ           #...         67%         1    #......
 Bolt of Draining         Conj/Necr      #.........   100%        5    ######.
 Lehudib's Crystal Spear  Conj/Erth      #.........   100%        8    #######
 Fire Storm               Conj/Fire      #.........   100%        9    #######
 Iskenderun's Mystic Bla  Conj           #.......     100%        4    #####..
 Animate Dead             Necr           N/A          100%        4    #####..
 Pain                     Necr           #...         67%         1    #......
 Vampiric Draining        Necr           #.........   95%         3    ###....
 Haunt                    Necr/Summ      #.........   100%        7    #######
 Borgnjor's Revivificati  Necr           #.........   100%        8    #######
 Freeze                   Ice            #...         67%         1    #......
 Sticky Flame             Conj/Fire      #.......     100%        4    #####..
 Summon Ice Beast         Ice/Summ       #.......     100%        4    #####..
 Ozocubu's Armour         Chrm/Ice       #.......     95%         3    ###....
 Call Imp                 Summ           #.......     80%         2    ###....
 Dispel Undead            Necr           #.......     100%        5    ######.
 Poison Arrow             Conj/Pois      #.........   100%        6    #######
 Regeneration             Chrm/Necr      #.........   95%         3    ###....
 Sting                    Conj/Pois      #...         67%         1    #......
 Sublimation of Blood     Necr           #.........   80%         2    ###....
 Tukima's Dance           Hex            #.......     95%         3    ###....
 Corpse Rot               Necr           N/A          80%         2    ###....
 Iron Shot                Conj/Erth      #.........   100%        6    #######
 Stone Arrow              Conj/Erth      #.....       95%         3    ###....
 Shock                    Conj/Air       #...         67%         1    #......
 Swiftness                Chrm/Air       #.......     80%         2    ###....
 Agony                    Necr           #.......     100%        5    ######.
 Spider Form              Tmut/Pois      #.........   95%         3    ###....
 Blade Hands              Tmut           #.........   100%        5    ######.
 Statue Form              Tmut/Erth      #........    100%        6    #######
 Ice Form                 Ice/Tmut       #.......     100%        4    #####..
 Dragon Form              Tmut           #.........   100%        7    #######
 Necromutation            Tmut/Necr      #.........   100%        8    #######
 Throw Icicle             Conj/Ice       #.......     100%        4    #####..
 Glaciate                 Conj/Ice       #.........   100%        9    #######
 Airstrike                Air            #.........   100%        4    #####..
 Flame Tongue             Conj/Fire      #....        67%         1    #......
 Ignite Poison            Fire/Tmut/Pois #.......     95%         3    ###....
 Sticks to Snakes         Tmut           #.......     80%         2    ###....
 Call Canine Familiar     Summ           #.......     95%         3    ###....
 Ensorcelled Hibernation  Hex/Ice        #.....       80%         2    ###....
 Shatter                  Erth           #.........   100%        9    #######
 Static Discharge         Conj/Air       #.......     95%         3    ###....
 Corona                   Hex            #......      67%         1    #......
 Alistair's Intoxication  Tmut/Pois      #.......     100%        5    ######.
 Lee's Rapid Deconstruct  Erth           #.........   100%        5    ######.
 Sandblast                Erth           #.....       67%         1    #......
 Conjure Ball Lightning   Conj/Air       #.........   100%        6    #######
 Chain Lightning          Conj/Air       #.........   100%        8    #######
 Excruciating Wounds      Chrm/Necr      #.........   100%        5    ######.
 Petrify                  Tmut/Erth      #.......     100%        4    #####..
 Passage of Golubria      Tloc           N/A          45%         4    #####..
 Orb of Destruction       Conj           #.........   100%        7    #######
 Tornado                  Air            #.........   100%        9    #######
 Leda's Liquefaction      Hex/Erth       #.........   100%        4    #####..
 Summon Hydra             Summ           #.........   100%        7    #######
 Darkness                 Hex            #.........   100%        6    #######
 Inner Flame              Hex/Fire       #.......     95%         3    ###....
 Aura of Abjuration       Summ           #.........   100%        5    ######.
 Beastly Appendage        Tmut           #.....       67%         1    #......
 Iskenderun's Battlesphe  Conj/Chrm      #.......     100%        5    ######.
 Fulminant Prism          Conj/Hex       #.........   100%        4    #####..
 Dazzling Spray           Conj/Hex       #.....       95%         3    ###....
 Force Lance              Conj/Tloc      ##......     91%         4    #####..
 Searing Ray              Conj           #.....       80%         2    ###....
 Summon Forest            Summ/Tloc      ##........   99%         5    ######.
 Summon Lightning Spire   Summ/Air       #.......     100%        4    #####..
 Summon Guardian Golem    Hex/Summ       #.......     95%         3    ###....
 Spellforged Servitor     Conj/Summ      #.........   100%        7    #######
 Hydra Form               Tmut           #.........   100%        6    #######
 Irradiate                Conj/Tmut      #.........   100%        5    ######.
 Infestation              Necr           #.........   100%        8    #######
 Lesser Beckoning         Tloc           ####......   16%         3    ###....
 Ignition                 Fire           #.........   100%        8    #######


Dungeon Overview and Level Annotations

Branches:
Dungeon (15/15)            Temple (0/1) D:4            Lair (6/6) D:9
 Shoals (4/4) Lair:3        Snake (4/4) Lair:3        Slime (0/5) Lair:5
    Orc (2/2) D:10            Elf (3/3) Orc:2        Vaults (5/5) D:14
  Crypt (0/3) Vaults:2     Depths (5/5) D:15            Zot (5/5) Depths:5

Shops:
D:5 %   Orc:1 :   Orc:2 !([?   Shoals:2 *   Shoals:3 (   Snake:1 %*(%
Snake:4 *   Depths:1 }==}(?   Depths:2 }

Portals:
Hell: Depths:1 Depths:2 Depths:3 Depths:4 Depths:5
Abyss: Depths:2 Depths:4
Pandemonium: Depths:1 Depths:3
Ziggurat: Depths:4

Annotations:
Lair:4 exclusion: 4 oklob plants
Lair:5 exclusion: oklob plant
Snake:2 exclusion: Roxanne, Roxanne
Elf:2 5 runed doors
Depths:3 2 transporters


Innate Abilities, Weirdness & Mutations

You have an increased reservoir of magic. (+10% MP)
You have a pair of small horns on your head.
You are surrounded by a mild repulsion field. (EV +2)
Your body sometimes deteriorates upon taking damage.
You are resistant to electric shocks. (rElec)


Message History

You block the Executioner's attack.
The Executioner hits you but does no damage.
The Executioner completely misses you.
Your plate armour prevents you from hitting the Executioner.
The Executioner misses you. You block the Executioner's attack. x2
The Executioner closely misses you. The Executioner barely misses you.
You block the Executioner's attack.
You miss the Executioner. Your headbutt misses the Executioner.
You block the Executioner's attack. x3; The Executioner misses you. x2
You block the Executioner's attack.
MP restored: 33 You impale the Executioner!!
You freeze the Executioner.
You kill the Executioner!
You closely miss the chaos spawn. You block the chaos spawn's attack.
You puncture the chaos spawn! You freeze the chaos spawn.
Your headbutt misses the chaos spawn. You bludgeon the chaos spawn!!
You freeze the chaos spawn.
You kill the chaos spawn!
The chaos spawn degenerates into a cloud of primal chaos!
You bludgeon the large abomination!! You freeze the large abomination.
You barely miss the large abomination. You headbutt the large abomination.
The large abomination is engulfed in seething chaos.
The large abomination seems to slow down.
You block the large abomination's attack.
You hit the large abomination but do no damage.
You hit the large abomination. You freeze the large abomination.
You destroy the large abomination!
You climb upwards.
There is a stone staircase leading down here.
You regained 2 hp, and now have 253/257 hp.
(D) Dungeon (T) Temple (L) Lair (A) Shoals (P) Snake Pit (M) Slime Pits (O) Orcish Mines (E) Elven Halls (V) Vaults (C) Crypt (U) Depths (H) Hell (Z) Zot
Where to? (Enter - D:1 @ (x,y), ? - help)
What level of the Dungeon? (default 1, ? - help)
Things that are here:
an uncursed dagger; 4 arrows; an uncursed shortbow
There is a stone staircase leading up here.
You climb upwards.
There is a stone staircase leading down here.
A killer bee zombie comes into view.
Health restored: 257 The two-headed ogre shouts in stereo!
You block the killer bee zombie's attack.
The killer bee zombie barely misses you.
You block the killer bee zombie's attack.
The killer bee zombie closely misses you.
You block the killer bee zombie's attack.
You block the killer bee zombie's attack.
You block the killer bee zombie's attack.
You block the killer bee zombie's attack.
You skewer the killer bee zombie like a kebab!!!
You freeze the killer bee zombie.
You destroy the killer bee zombie!
There is a stone staircase leading up here.
(D) Dungeon (T) Temple (L) Lair (A) Shoals (P) Snake Pit (M) Slime Pits (O) Orcish Mines (E) Elven Halls (V) Vaults (C) Crypt (U) Depths (H) Hell (Z) Zot
Where to? (Enter - D:1 @ (x,y), ? - help)
You climb upwards.
There is a stone staircase leading down here.
There is an escape hatch in the ceiling here.
A mysterious force pulls you upwards. The hatch slams shut behind you.
There is a stone staircase leading up here.
You climb upwards.
There is a stone staircase leading down here.
A red devil comes into view. It is wielding a trident.
There is an escape hatch in the ceiling here.
A mysterious force pulls you upwards. The hatch slams shut behind you.
(D) Dungeon (T) Temple (L) Lair (A) Shoals (P) Snake Pit (M) Slime Pits (O) Orcish Mines (E) Elven Halls (V) Vaults (C) Crypt (U) Depths (H) Hell (Z) Zot
Where to? (Enter - D:1 @ (x,y), ? - help)
There is a stone staircase leading up, spattered with blood here.
You see here a +0 flail.
Things that are here:
a robe; a dagger
There is a stone staircase leading up here.
You climb upwards.
There is a stone staircase leading down here.
There is a stone staircase leading up, spattered with blood here.
You climb upwards.
There is a stone staircase leading down here.
There is a stone staircase leading up here.
You climb upwards.
There is a stone staircase leading down here.
A quasit comes into view.
A crimson imp comes into view.
There is a staircase leading out of the dungeon here.
You closely miss the quasit. You headbutt the quasit.
You block the quasit's attack. x3
You closely miss the quasit. You block the quasit's attack. x2
The quasit misses you. You block the quasit's attack.
The quasit claws you but does no damage.
You block the quasit's attack.
You have escaped!

#.######## #..#...>.. #.#
########### #..#...... #.#
#.#...#.#.###.........
#.###.#...##...##.5##.....
#.#....).......##..##...).
#.#.............#..##.....
#.......≈≈≈........##....#
#......≈..5≈.......##....#
#......≈5@.≈.......##....#
##....(≈...≈.....#)##....#
#......≈≈≈......#.##....#
####...........##.##....#
#.#...........##.#######
##..........####.# #
##....#..#.# #.# #
########### #.# ♣♣ #.# ♣P


You could see a quasit and a crimson imp.

Vanquished Creatures
  Mara (Depths:2)
  7 orbs of fire
  3 ancient liches
  A juggernaut (Depths:2)
  Frederick (Depths:5)
  Xtahua (Vaults:2)
  Vashnia (Snake:4)
  3 curse toes
  6 Killer Klowns (Zot:5)
  Saint Roka (Vaults:5)
  Nikola (Shoals:2)
  14 golden dragons
  A bone dragon (Depths:5)
  The ghost of mortelune the Eclecticist, an adept DEFE of Ashenzari (Vaults:2)
  A Tzitzimitl (Zot:5)
  A lich (Depths:2)
  The ghost of tilp the Phalangite, an adept MfIE of Makhleb (Vaults:3)
  Jorgrun (Shoals:3)
  6 electric golems
  Rupert (D:14)
  27 Orb Guardians
  A moon troll (WizLab)
  2 deep elf master archers (Elf:3)
  A deep elf blademaster (Elf:3)
  21 tentacled monstrosities
  3 titans
  5 quicksilver dragons
  4 death cobs
  The ghost of George the Fencer, an adept MiFi of Makhleb (Elf:2)
  3 Executioners
  Frances (D:14)
  Polyphemus (Shoals:2)
  4 sphinxes (Vaults:5)
  9 tentacled starspawn (WizLab)
  18 storm dragons
  15 shadow dragons
  Kirke (Lair:5)
  2 tengu reavers (Vaults:5)
  Donald (Vaults:3)
  9 draconian monks
  7 nagarajas (Snake:4)
  5 frost giants
  Ilsuiw (Shoals:4)
  10 fire giants
  8 deep elf sorcerers
  5 iron dragons
  15 vault wardens
  6 draconian knights
  11 draconian scorchers
  3 draconian shifters
  3 ghost moths
  A cacodemon (WizLab)
  Louise (D:14)
  Aizul (Vaults:4)
  A spriggan defender (Depths:2)
  11 ironheart preservers
  3 deep elf elementalists
  9 draconian annihilators
  13 draconian stormcallers
  A war gargoyle (Zot:2)
  35 very ugly things
  3 entropy weavers
  14 green draconians
  Azrael (D:12)
  26 stone giants
  10 deep elf demonologists
  A vampire knight (Depths:5)
  14 black draconians
  14 red draconians
  17 yellow draconians
  15 ettins
  14 white draconians
  17 purple draconians
  5 spark wasps (Depths:2)
  Snorg (D:14)
  10 deep elf annihilators
  7 fire dragons
  11 deep elf death magi
  2 crystal guardians (WizLab)
  4 merfolk impalers
  2 jiangshi (Depths:3)
  6 merfolk javelineers
  A fire dragon (shapeshifter) (Vaults:5)
  Josephine (Lair:6)
  17 yaktaur captains
  16 great orbs of eyes
  14 deep elf high priests
  28 vault guards
  2 monstrous demonspawn
  12 ice dragons
  3 spriggan air magi
  4 hydras
  3 rakshasas
  2 hell beasts
  2 death knights
  16 naga warriors
  A catoblepas (Shoals:1)
  48 two-headed ogres
  4 merfolk avatars
  14 anacondas
  8 merfolk aquamancers
  3 satyrs
  3 vampire magi
  13 centaur warriors
  15 ogre magi
  3 deep troll earth magi
  4 deep troll shamans
  13 death yaks
  8 tengu warriors
  14 dancing weapons
  4 spriggan berserkers
  6 orc high priests
  Urug (D:14)
  5 shock serpents
  12 naga sharpshooters
  A soul eater (Depths:4)
  16 deep elf knights
  A shadow wraith (Vaults:3)
  11 hell knights
  2 iron trolls
  7 skeletal warriors
  4 small abominations
  2 wretched stars (WizLab)
  14 sea snakes
  An unseen horror (shapeshifter) (Vaults:3)
  5 salamander mystics
  3 unseen horrors
  A shadow demon (Depths:1)
  An orange crystal statue (WizLab)
  A fire crab (shapeshifter) (Vaults:1)
  20 deep trolls
  8 glowing orange brains
  12 deep elf archers
  3 flayed ghosts
  13 naga ritualists
  10 ironbrand convokers
  A harpy (shapeshifter) (Vaults:4)
  17 orc knights
  5 wizards
  3 phantasmal warriors (Vaults:5)
  9 harpies
  3 large abominations
  6 necromancers
  12 mana vipers
  9 manticores
  42 ugly things
  9 cyclopes
  4 wolf spiders
  44 deep elf magi
  10 salamanders
  2 wolf spider zombies (D:15)
  4 orc sorcerers
  35 moths of wrath
  16 fauns
  A fire giant skeleton (Vaults:1)
  Joseph (D:15)
  13 merfolk sirens
  A moth of wrath (shapeshifter) (Vaults:5)
  15 vault sentinels
  14 naga magi
  9 elephants
  7 rust devils
  A torpor snail (Lair:2)
  An eye of devastation (WizLab)
  31 black mambas
  9 guardian serpents
  An ice statue (Depths:1)
  6 water nymphs
  3 gargoyles
  11 spiny frogs
  3 centaur skeletons (D:15)
  A rime drake (Lair:1)
  An efreet (D:15)
  58 yaktaurs
  8 komodo dragons
  10 freezing wraiths
  A guardian mummy (Zot:2)
  4 tengu conjurers
  A jumping spider (shapeshifter) (Depths:1)
  2 trolls (shapeshifter)
  5 polar bears
  4 trolls
  4 demonic crawlers (Elf:3)
  5 tyrant leeches
  4 wind drakes (Shoals:4)
  24 merfolk
  9 blink frogs
  6 hornets
  36 slime creatures
  An ettin zombie (Vaults:1)
  10 dream sheep
  A raiju (shapeshifter) (Depths:5)
  7 snapping turtles
  6 hippogriffs
  4 air elementals
  2 shadows (D:15)
  2 vampires
  14 water elementals
  13 spriggans
  5 redbacks
  11 starcursed masses (WizLab)
  A tarantella (shapeshifter) (Vaults:3)
  A tarantella (Vaults:3)
  3 wyverns
  A ynoxinul (Zot:4)
  6 wraiths
  43 yaks
  3 hogs (D:9)
  17 humans
  4 fire elementals
  A hog (shapeshifter) (Vaults:1)
  3 fire bats (Depths:4)
  8 golden eyes (WizLab)
  4 basilisks
  The ghost of ThereIsNoGod the Ruffian, an amateur DrTm (D:3)
  2 golden eyes (shapeshifter) (Depths:1)
  8 vampire mosquitoes
  3 hungry ghosts
  3 chaos spawn
  7 wargs
  A harpy simulacrum (D:15)
  66 nagas
  5 swamp worms
  3 neqoxecs
  3 acid dragons
  2 soldier ants
  6 hell hounds
  11 water moccasins
  10 porcupines
  69 orc warriors
  3 sky beasts
  A swamp drake (Lair:2)
  3 black bears (Lair:6)
  3 ice beasts
  A black bear (shapeshifter) (Depths:1)
  2 elephant zombies (Lair:4)
  A necrophage (D:9)
  2 phantoms
  14 boggarts
  24 wolves
  27 centaurs
  A centaur (shapeshifter) (Depths:2)
  38 ogres
  19 crocodiles
  16 bullfrogs
  Blork the orc (D:5)
  4 gnoll sergeants
  A human simulacrum (Vaults:1)
  3 earth elementals
  A glowing shapeshifter simulacrum (Depths:4)
  3 scorpions
  19 killer bees
  8 wights
  4 howler monkeys
  6 electric eels (Lair:4)
  4 crimson imps
  9 jellies
  3 centaur zombies
  A bullfrog zombie (D:8)
  A basilisk zombie (Lair:4)
  2 quasits
  A bullfrog skeleton (D:12)
  11 hounds
  41 orc priests
  28 orc wizards
  4 iguanas
  11 worker ants
  2 killer bee zombies
  A crocodile zombie (Lair:4)
  A big kobold zombie (Ossuary)
  A hound zombie (D:8)
  4 hound skeletons
  8 mummies (Ossuary)
  9 adders
  26 gnolls
  A howler monkey skeleton (D:5)
  A shadow imp (D:8)
  A white imp (Depths:3)
  An ooze (Lair:5)
  3 adder skeletons
  3 worms (D:2)
  2 dart slugs
  7 leopard geckos
  137 orcs
  6 bats
  6 giant cockroaches
  A goblin (D:1)
  9 hobgoblins
  13 jackals
  6 quokkas
  A ball python (D:1)
  A frilled lizard (D:1)
  A goblin zombie (D:7)
  A hobgoblin zombie (Ossuary)
  A jackal zombie (D:7)
  8 kobolds
  3 kobold zombies (Ossuary)
  3 leopard gecko skeletons
  4 orc zombies
  A quokka skeleton (D:5)
  7 rats
  A crawling corpse (Elf:1)
  2 plants
  4 starspawn tentacles (WizLab)
  3 tentacles (Shoals:4)
2485 creatures vanquished.

Vanquished Creatures (collateral kills)
  2 merfolk javelineers (Shoals:4)
  A manticore (Shoals:4)
  A merfolk siren (Shoals:4)
  A water nymph (Shoals:4)
  A merfolk (Shoals:4)
  A starspawn tentacle (WizLab)
7 creatures vanquished.

Vanquished Creatures (others)
  A shadow dragon (Vaults:5)
  A fire giant (Vaults:5)
  A merfolk javelineer (Shoals:4)
  A deep elf knight (Vaults:1)
  A harpy (Shoals:2)
  A merfolk siren (Shoals:4)
  A black mamba (Lair:5)
  A hog (Lair:5)
  A basilisk (D:14)
  A porcupine (Lair:5)
  2 wolves (Lair:5)
  2 ogres (Vaults:5)
  2 orc wizards (Elf:1)
  An orc priest (Orc:1)
  2 orcs (Elf:1)
  A bush (Lair:6)
  8 fungi
  41 plants
  29 starspawn tentacles (WizLab)
  10 tentacles (Shoals:4)
108 creatures vanquished.

Grand Total: 2600 creatures vanquished

Notes
Turn   | Place    | Note
-------+----------+-------------------------------------------
     0 | D:1      | grisnicke the Demigod Fighter began the quest for the Orb.
     0 | D:1      | Reached XP level 1. HP: 18/18 MP: 3/3
    45 | D:1      | Reached skill level 2 in Maces & Flails
   142 | D:1      | Reached XP level 2. HP: 24/25 MP: 4/4
   605 | D:1      | Reached skill level 3 in Shields
   762 | D:2      | Reached skill level 3 in Armour
  1019 | D:2      | Reached XP level 3. HP: 30/30 MP: 5/5
  1150 | D:2      | Found an iron altar of Okawaru.
  1750 | D:3      | Reached skill level 3 in Maces & Flails
  1960 | D:3      | Found a burning altar of Makhleb.
  2186 | D:3      | Noticed ThereIsNoGod's ghost (amateur DrTm)
  2379 | D:3      | Found an ancient bone altar of Kikubaaqudgha.
  2470 | D:3      | Found a glowing silver altar of Zin.
  2599 | D:3      | Reached XP level 4. HP: 27/37 MP: 6/6
  2725 | D:3      | Found a shattered altar of Ashenzari.
  3561 | D:4      | Got a pair of dazzling gloves
  3573 | D:4      | Identified the +3 pair of gloves of Feut {rElec} (You found it on level 4 of the Dungeon)
  3719 | D:4      | Found an opulent altar of Gozag.
  3798 | D:4      | Reached XP level 5. HP: 36/42 MP: 7/7
  3900 | D:4      | Found a blossoming altar of Fedhas.
  3991 | D:4      | Reached skill level 4 in Maces & Flails
  4000 | D:4      | Noticed an ogre
  4121 | D:3      | Killed ThereIsNoGod's ghost
  4121 | D:3      | Reached skill level 4 in Armour
  4121 | D:3      | Reached skill level 4 in Shields
  4121 | D:3      | Reached XP level 6. HP: 30/50 MP: 8/8
  4553 | D:4      | Found a staircase to the Ecumenical Temple.
  4836 | D:5      | Entered Level 5 of the Dungeon
  4858 | D:5      | Reached skill level 5 in Maces & Flails
  5141 | D:5      | Found Vyirysa's Food Shop.
  5156 | D:5      | Got a translucent chain mail
  5174 | D:5      | Identified the +4 chain mail "Seoniudgh" {rPois Int+3} (You found it on level 5 of the Dungeon)
  5640 | D:5      | Noticed Blork the orc
  5871 | D:5      | Killed Blork the orc
  5871 | D:5      | Reached XP level 7. HP: 56/56 MP: 9/9
  5922 | D:5      | Found a shattered altar of Ashenzari.
  6200 | D:6      | Found a sparkling altar of Nemelex Xobeh.
  6206 | D:6      | Found a shadowy altar of Dithmenos.
  6230 | D:6      | Reached skill level 6 in Maces & Flails
  6547 | D:6      | Reached skill level 7 in Maces & Flails
  6560 | D:6      | Reached skill level 5 in Armour
  6737 | D:6      | Reached XP level 8. HP: 61/62 MP: 10/10
  6969 | D:6      | Reached skill level 8 in Maces & Flails
  7256 | D:7      | Noticed a slime creature
  7256 | D:7      | Noticed a slime creature
  7273 | D:6      | Killed a slime creature
  7341 | D:7      | Killed a slime creature
  7341 | D:7      | Reached skill level 6 in Armour
  7342 | D:7      | Noticed a slime creature
  7342 | D:7      | Noticed a slime creature
  7354 | D:7      | Killed a slime creature
  7354 | D:7      | Reached skill level 9 in Maces & Flails
  7360 | D:7      | Killed a slime creature
  7399 | D:7      | Noticed a slime creature
  7418 | D:7      | Killed a slime creature
  7418 | D:7      | Reached XP level 9. HP: 47/68 MP: 11/11
  7507 | D:7      | Found a sand-covered staircase.
  7542 | Ossuary  | Entered an ossuary
  8156 | D:7      | Reached skill level 7 in Armour
  8171 | D:7      | Reached skill level 10 in Maces & Flails
  8183 | D:7      | Found an iron altar of Okawaru.
  8573 | D:8      | Noticed a two-headed ogre
  8814 | D:8      | Learned a level 2 spell: Blink
  8849 | D:8      | Noticed a two-headed ogre
  9018 | D:8      | Noticed a two-headed ogre
  9075 | D:7      | Killed a two-headed ogre
  9266 | D:7      | Reached skill level 11 in Maces & Flails
  9421 | D:8      | Noticed a two-headed ogre
  9425 | D:8      | Reached skill level 8 in Armour
  9425 | D:8      | Reached XP level 10. HP: 73/74 MP: 13/13
  9439 | D:8      | Killed a two-headed ogre
  9502 | D:8      | Noticed a two-headed ogre
  9510 | D:8      | Killed a two-headed ogre
  9520 | D:8      | Reached skill level 12 in Maces & Flails
  9784 | D:8      | Reached skill level 9 in Armour
  9841 | D:8      | Identified the Catalogue of Destructive Envenoming
  9844 | D:8      | Identified Tyvofa Korul's Catalogue of Ashen Calling
 10192 | D:8      | Killed a two-headed ogre
 10634 | D:9      | Reached XP level 11. HP: 80/81 MP: 14/14
 10688 | D:9      | Found a staircase to the Lair.
 10836 | D:9      | Reached skill level 13 in Maces & Flails
 10952 | D:9      | Noticed a two-headed ogre
 10965 | D:9      | Killed a two-headed ogre
 11277 | D:10     | Entered Level 10 of the Dungeon
 11395 | D:10     | Got a pair of twisted gloves
 12142 | D:10     | Noticed an unseen horror
 12270 | D:10     | Killed an unseen horror
 12270 | D:10     | Reached skill level 10 in Armour
 12655 | D:10     | Noticed an orc knight
 12829 | D:10     | Killed an orc knight
 12829 | D:10     | Reached skill level 3 in Fighting
 12939 | D:10     | Found a roughly hewn altar of Beogh.
 12939 | D:10     | Found a staircase to the Orcish Mines.
 13838 | D:11     | Got a shimmering robe
 13860 | D:11     | Reached skill level 14 in Maces & Flails
 13872 | D:11     | Reached skill level 4 in Fighting
 14056 | D:11     | Reached skill level 1 in Evocations
 14424 | Lair:1   | Entered Level 1 of the Lair of Beasts
 14640 | Lair:1   | Reached skill level 2 in Evocations
 15222 | Lair:1   | Identified the +1 pair of gloves of Conscience {Int+4} (You found it on level 10 of the Dungeon)
 15439 | Lair:2   | Reached skill level 5 in Fighting
 15767 | Lair:2   | Reached skill level 3 in Evocations
 15767 | Lair:2   | Reached XP level 12. HP: 62/94 MP: 17/17
 16515 | Lair:1   | Reached skill level 4 in Evocations
 16939 | Lair:2   | Reached skill level 5 in Evocations
 17202 | Lair:2   | Reached skill level 6 in Fighting
 17202 | Lair:2   | Reached skill level 1 in Dodging
 17554 | Lair:2   | Reached skill level 2 in Dodging
 17857 | Lair:3   | Found a staircase to the Shoals.
 17940 | Lair:1   | Reached skill level 3 in Dodging
 18572 | Lair:3   | Reached skill level 15 in Maces & Flails
 18572 | Lair:3   | Reached skill level 4 in Dodging
 18650 | Lair:3   | Found a staircase to the Snake Pit.
 18853 | Lair:3   | Noticed a five-headed hydra
 18864 | Lair:3   | Killed a five-headed hydra
 19609 | Lair:4   | Reached skill level 5 in Dodging
 19658 | Lair:3   | Reached XP level 13. HP: 68/102 MP: 20/20
 20399 | Lair:4   | Reached skill level 6 in Dodging
 20961 | Lair:5   | Found a staircase to the Slime Pits.
 21185 | Lair:5   | Noticed Kirke
 21202 | Lair:5   | Killed Kirke
 21242 | Lair:5   | Identified the +5 ring mail of the Shining Light {rF+ Dex+4 Stlth+} (You found it on level 5 of the Lair of Beasts)
 21597 | Lair:6   | Entered Level 6 of the Lair of Beasts
 21608 | Lair:5   | Reached skill level 7 in Dodging
 22292 | Lair:5   | Reached skill level 16 in Maces & Flails
 22463 | Lair:6   | Reached skill level 1 in Translocations
 22582 | Lair:5   | Reached skill level 8 in Dodging
 22976 | Lair:6   | Noticed Josephine
 23014 | Lair:6   | Killed Josephine
 23080 | Lair:6   | Reached skill level 7 in Fighting
 23932 | Lair:6   | Reached skill level 9 in Dodging
 23948 | Lair:6   | Reached XP level 14. HP: 95/113 MP: 21/21
 24694 | D:12     | Noticed Azrael
 24807 | D:12     | Reached skill level 8 in Fighting
 25089 | D:12     | Identified a scroll of acquirement
 25090 | D:12     | Got a blackened quick blade
 25390 | D:12     | Killed Azrael
 25702 | D:12     | Reached skill level 11 in Armour
 25776 | D:12     | Found a snail-covered altar of Cheibriados.
 26021 | Orc:1    | Entered Level 1 of the Orcish Mines
 26115 | Orc:1    | Found a roughly hewn altar of Beogh.
 26280 | Orc:2    | Entered Level 2 of the Orcish Mines
 26350 | Orc:2    | Learned a level 2 spell: Passwall
 26669 | Orc:2    | Found a staircase to the Elven Halls.
 27506 | Orc:1    | Found Afoafa's Book Shoppe.
 28408 | Orc:2    | Reached skill level 10 in Dodging
 28910 | Orc:2    | Reached skill level 9 in Fighting
 30207 | Orc:2    | Found Lifac's Distillery.
 30208 | Orc:2    | Found Civennops's Antique Armour Shoppe.
 30208 | Orc:2    | Found Ostibb's Weapon Emporium.
 30209 | Orc:2    | Found Caveaw's Magic Scroll Emporium.
 30223 | Orc:2    | Bought a scroll of acquirement for 884 gold pieces
 30230 | Orc:2    | Bought a scroll of enchant weapon for 127 gold pieces
 30231 | Orc:2    | Bought a scroll of identify for 34 gold pieces
 30231 | Orc:2    | Bought a scroll of identify for 34 gold pieces
 30231 | Orc:2    | Bought a scroll of teleportation for 51 gold pieces
 30232 | Orc:2    | Bought a bronze plate armour for 588 gold pieces
 30232 | Orc:2    | Identified the +0 plate armour "Itrox" {Dex+2} (You bought it in a shop on level 2 of the Orcish Mines)
 30234 | Orc:2    | Bought an ancient cloak for 199 gold pieces
 30234 | Orc:2    | Identified the cursed +0 cloak of Hysteria {MR- Int+8} (You bought it in a shop on level 2 of the Orcish Mines)
 30242 | Orc:2    | Bought a shiny shield for 157 gold pieces
 30257 | Orc:2    | Bought a potion of heal wounds for 65 gold pieces
 30257 | Orc:2    | Bought a potion of agility for 52 gold pieces
 30257 | Orc:2    | Bought a potion of berserk rage for 65 gold pieces
 30257 | Orc:2    | Bought a potion of mutation for 104 gold pieces
 30257 | Orc:2    | Bought a potion of might for 52 gold pieces
 30977 | D:13     | Reached skill level 5 in Shields
 31473 | D:13     | Got a translucent ring mail
 31875 | D:14     | Noticed Frances
 31890 | D:14     | Killed Frances
 31890 | D:14     | Reached skill level 6 in Shields
 32370 | D:14     | Reached skill level 7 in Shields
 32452 | D:14     | Noticed Snorg
 32465 | D:14     | Killed Snorg
 32492 | D:14     | Noticed Rupert
 32492 | D:14     | Paralysed by Rupert for 6 turns
 32503 | D:14     | Killed Rupert
 32503 | D:14     | Reached skill level 8 in Shields
 32503 | D:14     | Reached XP level 15. HP: 106/124 MP: 22/22
 32538 | D:14     | Noticed Louise
 32548 | D:14     | Noticed Urug
 32551 | D:14     | Killed Louise
 32562 | D:14     | Killed Urug
 32629 | D:14     | Found a gate to the Vaults.
 33035 | D:15     | Entered Level 15 of the Dungeon
 33040 | D:14     | Reached skill level 9 in Shields
 33416 | D:14     | Reached skill level 10 in Shields
 33601 | D:15     | Noticed Joseph
 33616 | D:15     | Killed Joseph
 34053 | D:15     | Reached skill level 11 in Shields
 34305 | D:15     | Found a staircase to the Depths.
 34479 | D:15     | Got a brightly glowing plate armour
 34797 | Snake:1  | Entered Level 1 of the Snake Pit
 34989 | Snake:1  | Reached skill level 12 in Shields
 35137 | Snake:1  | Identified the +1 plate armour of a ziggurat {Str+4} (You found it on level 15 of the Dungeon)
 35499 | Snake:1  | Found Dovon's Antique Weapon Boutique.
 35502 | Snake:1  | Found Voliy's Food Boutique.
 35502 | Snake:1  | Found Asicecle's Food Shop.
 35557 | Snake:1  | Found Josim's General Store.
 35563 | Snake:1  | Bought a potion of haste for 200 gold pieces
 35584 | Snake:1  | Reached skill level 13 in Shields
 35863 | Snake:1  | Reached XP level 16. HP: 114/132 MP: 23/23
 36533 | Snake:2  | Learned a level 1 spell: Animate Skeleton
 36732 | Snake:1  | Reached skill level 14 in Shields
 37069 | Snake:2  | Noticed Roxanne
 39016 | Snake:4  | Entered Level 4 of the Snake Pit
 39101 | Snake:3  | Reached skill level 15 in Shields
 40134 | Snake:4  | Found Angoumas's Assorted Antiques.
 40272 | Snake:4  | Bought a crooked bronze wand for 92 gold pieces
 40281 | Snake:4  | Bought a forked ivory wand for 92 gold pieces
 40575 | Snake:4  | Noticed Vashnia
 40606 | Snake:4  | Killed Vashnia
 40606 | Snake:4  | Reached skill level 12 in Armour
 40606 | Snake:4  | Reached skill level 6 in Evocations
 40794 | Snake:4  | Reached skill level 10 in Fighting
 40836 | Snake:4  | Reached skill level 11 in Dodging
 41342 | Snake:4  | Reached XP level 17. HP: 122/140 MP: 26/26
 41733 | Snake:4  | Reached skill level 7 in Evocations
 42092 | Snake:4  | Got a serpentine rune of Zot
 42278 | Shoals:1 | Entered Level 1 of the Shoals
 42617 | Shoals:1 | Got a pair of faintly glowing gloves
 42618 | Shoals:1 | Identified the +0 pair of gloves of Lasism {rC- MR- Str+8 Int+8} (You acquired it on level 1 of the Shoals)
 43901 | Shoals:2 | Noticed Polyphemus
 44059 | Shoals:2 | Killed Polyphemus
 44131 | Shoals:2 | Upgraded the game from 0.22-a0-480-g991dd4b to 0.22-a0-482-g76e0a5f
 44159 | Shoals:2 | Noticed Nikola
 44213 | Shoals:2 | Found Igrufy's General Store.
 44541 | Shoals:2 | Reached skill level 8 in Evocations
 44924 | Shoals:2 | Reached skill level 11 in Fighting
 45582 | Shoals:3 | Reached skill level 13 in Armour
 45582 | Shoals:3 | Reached skill level 12 in Dodging
 45947 | Shoals:2 | Killed Nikola
 46589 | Shoals:3 | Noticed Jorgrun
 46603 | Shoals:3 | Killed Jorgrun
 47019 | Shoals:3 | Found Mautzu Vira's Weapon Shoppe.
 47089 | Shoals:4 | Entered Level 4 of the Shoals
 47089 | Shoals:4 | Noticed Ilsuiw
 47367 | Shoals:4 | Killed Ilsuiw
 47373 | Shoals:4 | Reached skill level 1 in Throwing
 47849 | Shoals:4 | Reached skill level 2 in Throwing
 48284 | Shoals:4 | Reached skill level 12 in Fighting
 48295 | Shoals:4 | Reached XP level 18. HP: 145/154 MP: 28/28
 48395 | Shoals:4 | Got a barnacled rune of Zot
 48494 | Shoals:4 | Reached skill level 3 in Throwing
 49094 | Shoals:4 | Reached skill level 4 in Throwing
 50219 | Vaults:1 | Entered Level 1 of the Vaults
 50337 | Vaults:1 | Reached skill level 14 in Armour
 50349 | Vaults:1 | Reached skill level 5 in Throwing
 50394 | Vaults:1 | Found a flickering gateway to a bazaar.
 50416 | Vaults:1 | Found a ruined gateway.
 50465 | Bazaar   | Entered a bazaar
 50467 | Bazaar   | Found Akaenuk's Gadget Boutique.
 50471 | Bazaar   | Found Anaom's General Store.
 50471 | Bazaar   | Found Jud Omam's Antique Weapon Boutique.
 50471 | Bazaar   | Found Minamus's Armour Boutique.
 50503 | Bazaar   | Bought the +1 plate armour "Kisulot" {MR++ Dex+7} for 464 gold pieces
 50518 | Bazaar   | Bought a potion of might for 48 gold pieces
 50683 | Vaults:1 | Reached skill level 6 in Throwing
 51300 | Vaults:1 | Reached skill level 7 in Throwing
 51768 | Vaults:2 | Found a magical portal.
 51777 | WizLab   | Entered Lehudib's Moon Base
 52001 | WizLab   | Reached skill level 8 in Throwing
 52028 | WizLab   | Reached skill level 13 in Fighting
 52554 | WizLab   | Reached skill level 9 in Throwing
 52868 | WizLab   | Gained mutation: Armour fits poorly on your strangely shaped body. [a cacodemon]
 53035 | WizLab   | Reached XP level 19. HP: 143/165 MP: 29/29
 53278 | WizLab   | Reached skill level 10 in Throwing
 53848 | WizLab   | Found a transporter.
 53957 | WizLab   | Found a transporter.
 53964 | WizLab   | Identified the Reference Book on the Volcanoes
 53975 | Vaults:2 | Lost mutation: Armour fits poorly on your strangely shaped body. [potion of mutation]
 53975 | Vaults:2 | Gained mutation: You are clumsy. (Dex -2) [potion of mutation]
 53975 | Vaults:2 | Gained mutation: You have a pair of small horns on your head. [potion of mutation]
 53975 | Vaults:2 | Gained mutation: Your system is resistant to poisons. (rPois) [potion of mutation]
 54419 | Vaults:2 | Found a staircase to the Crypt.
 54419 | Vaults:2 | Found a basalt altar of Yredelemnul.
 54420 | Vaults:2 | Found an ancient bone altar of Kikubaaqudgha.
 54440 | Vaults:2 | Noticed Xtahua
 54495 | Vaults:2 | Reached skill level 14 in Fighting
 54609 | Vaults:2 | Noticed mortelune's ghost (adept DEFE)
 54661 | Vaults:2 | Killed mortelune's ghost
 55018 | Vaults:2 | Learned a level 1 spell: Apportation
 55020 | Vaults:2 | Learned a level 1 spell: Summon Butterflies
 55784 | Vaults:2 | Killed Xtahua
 56153 | Vaults:2 | Reached skill level 15 in Fighting
 56571 | Vaults:3 | Reached skill level 15 in Armour
 56822 | Vaults:3 | Noticed tilp's ghost (adept MfIE)
 56865 | Vaults:3 | Noticed Donald
 56889 | Vaults:3 | Killed Donald
 57519 | Vaults:3 | Got a twisted leather armour
 57577 | Vaults:3 | Reached skill level 16 in Fighting
 57755 | Vaults:3 | Reached XP level 20. HP: 179/180 MP: 30/30
 57833 | Vaults:3 | Reached skill level 2 in Translocations
 58553 | Vaults:3 | Killed tilp's ghost
 59088 | Vaults:4 | Reached skill level 3 in Translocations
 59123 | Vaults:4 | Noticed Aizul
 59139 | Vaults:4 | Killed Aizul
 59869 | Vaults:4 | Reached skill level 4 in Translocations
 60891 | Elf:1    | Entered Level 1 of the Elven Halls
 61802 | Elf:1    | Reached skill level 17 in Fighting
 62169 | Elf:1    | Reached skill level 5 in Translocations
 62309 | Elf:1    | Got a slimy leather armour
 62345 | Elf:1    | Reached skill level 1 in Spellcasting
 62989 | Elf:2    | Noticed George's ghost (adept MiFi)
 63030 | Elf:2    | Killed George's ghost
 63248 | Elf:2    | Reached skill level 16 in Armour
 63254 | Elf:2    | Reached skill level 2 in Spellcasting
 63698 | Elf:2    | Found a huge runed gate.
 63698 | Elf:2    | Found a huge runed gate.
 63698 | Elf:2    | Found a huge runed gate.
 63700 | Elf:2    | Found a huge runed gate.
 63701 | Elf:2    | Found a huge runed gate.
 63938 | Elf:3    | Entered Level 3 of the Elven Halls
 65077 | Elf:3    | Reached skill level 6 in Translocations
 65077 | Elf:3    | Reached XP level 21. HP: 152/193 MP: 29/31
 65593 | Elf:3    | Reached skill level 18 in Fighting
 66035 | Elf:3    | Identified the cursed ring "Epywufu" {rF+ MR++ Int-3} (You took it off a deep elf elementalist on level 3 of the Elven Halls)
 66059 | Elf:3    | Identified the +1 pair of boots of Death's Door {MR+ Int+5} (You found it on level 3 of the Elven Halls)
 66269 | Elf:3    | Identified the Incunabulum of Creative Evil
 67485 | Depths:1 | Entered Level 1 of the Depths
 67640 | D:15     | Reached skill level 7 in Translocations
 67756 | Depths:1 | Found Git Ruru's Gadget Boutique.
 67771 | Depths:1 | Bought a box of beasts for 260 gold pieces
 67771 | Depths:1 | Bought a wand of clouds (6) for 390 gold pieces
 67873 | Depths:1 | Found a one-way gate leading to the halls of Pandemonium.
 68023 | Depths:1 | Found a gateway to Hell.
 68165 | Depths:1 | Found Ycvatoh's Magic Scroll Boutique.
 68181 | Depths:1 | Bought a scroll of acquirement for 728 gold pieces
 68181 | Depths:1 | Bought a scroll of blinking for 105 gold pieces
 68181 | Depths:1 | Bought a scroll of summoning for 133 gold pieces
 68181 | Depths:1 | Bought a scroll of fog for 28 gold pieces
 68336 | Depths:1 | Found a gateway to a bazaar.
 68466 | Depths:1 | Found Jallutu's Antique Weapon Shoppe.
 68489 | Depths:1 | Found Roskis's Jewellery Shoppe.
 68490 | Depths:1 | Found Epru's Gadget Boutique.
 68491 | Depths:1 | Found Mostregrez's Jewellery Shoppe.
 68919 | Depths:1 | Upgraded the game from 0.22-a0-482-g76e0a5f to 0.22-a0-512-g0943f25
 69485 | Depths:2 | Found a corrupted altar of Lugonu.
 69485 | Depths:2 | Found a one-way gate to the infinite horrors of the Abyss.
 69579 | Depths:2 | Reached skill level 19 in Fighting
 69816 | Depths:2 | Reached skill level 17 in Armour
 69842 | Depths:2 | Noticed Mara
 69870 | Depths:2 | Noticed grisnicke's illusion
 69873 | Depths:2 | Killed Mara
 70006 | Depths:2 | Found Kyeshraocs's Gadget Boutique.
 70761 | Depths:2 | Noticed a golden dragon
 70775 | Depths:2 | Killed a golden dragon
 70791 | Depths:2 | Reached XP level 22. HP: 188/206 MP: 30/32
 71000 | Depths:2 | Noticed a juggernaut
 71014 | Depths:2 | Killed a juggernaut
 71014 | Depths:2 | Reached skill level 11 in Throwing
 71560 | Depths:3 | Found a transporter.
 71978 | Depths:3 | Found a transporter.
 72469 | Depths:3 | Reached skill level 20 in Fighting
 73483 | Depths:4 | Got a jewelled scale mail
 73763 | Depths:4 | Found a gateway to a ziggurat.
 74654 | Depths:5 | Entered Level 5 of the Depths
 75234 | Depths:4 | HP: 44/211 [shadow dragon (9)]
 75666 | Depths:4 | Reached skill level 12 in Throwing
 76138 | Depths:5 | HP: 52/211 [titan (26)]
 77497 | Depths:5 | Reached skill level 18 in Armour
 78255 | Depths:5 | Noticed Frederick
 78265 | Depths:5 | Killed Frederick
 78768 | Depths:5 | Reached XP level 23. HP: 133/218 MP: 25/33
 78977 | Depths:5 | Found a gate to the Realm of Zot.
 79046 | Depths:5 | Reached skill level 21 in Fighting
 79166 | Bazaar   | Entered a bazaar
 79166 | Bazaar   | Found Furamuiv's Distillery.
 79166 | Bazaar   | Found Dustuc's Book Shoppe.
 79167 | Bazaar   | Found Liejukhlai's General Store.
 79167 | Bazaar   | Found Genk's Magic Scroll Emporium.
 79186 | Bazaar   | Bought a potion of heal wounds for 45 gold pieces
 79186 | Bazaar   | Bought a scroll of silence for 67 gold pieces
 79192 | Bazaar   | Bought a potion of might for 52 gold pieces
 79192 | Bazaar   | Bought a potion of heal wounds for 65 gold pieces
 79192 | Bazaar   | Bought a potion of mutation for 104 gold pieces
 79192 | Bazaar   | Bought a potion of haste for 130 gold pieces
 79192 | Bazaar   | Bought a potion of cancellation for 104 gold pieces
 79192 | Bazaar   | Bought a potion of haste for 130 gold pieces
 79550 | Vaults:5 | Entered Level 5 of the Vaults
 80686 | Vaults:5 | Reached skill level 22 in Fighting
 81114 | Vaults:5 | Got a pitted wooden ring
 81305 | Vaults:5 | Reached skill level 19 in Armour
 81687 | Vaults:5 | Identified the ring "Vuxt" {rN+ Str+4} (You took it off a yaktaur captain on level 5 of the Vaults)
 81936 | Vaults:5 | Reached skill level 13 in Throwing
 82107 | Vaults:5 | Got a silver rune of Zot
 82236 | Vaults:5 | Identified the Handbook of Attacks
 82653 | Vaults:5 | Reached XP level 24. HP: 220/233 MP: 32/33
 82700 | Vaults:5 | Noticed Saint Roka
 82722 | Vaults:5 | Killed Saint Roka
 83829 | Zot:1    | Entered Level 1 of the Realm of Zot
 85765 | Shoals:2 | Bought a potion of haste for 170 gold pieces
 85765 | Shoals:2 | Bought a sack of spiders for 340 gold pieces
 85878 | Snake:1  | Bought a potion of heal wounds for 100 gold pieces
 85955 | Snake:4  | Bought a potion of magic for 184 gold pieces
 86551 | Zot:1    | Reached skill level 13 in Dodging
 87539 | Zot:2    | Reached skill level 23 in Fighting
 88265 | Zot:2    | Reached skill level 14 in Dodging
 88797 | Zot:2    | Identified the Reference Book on Venomous Cold
 88950 | Zot:2    | Found the +0 sword of Power
 89223 | Zot:2    | Reached skill level 20 in Armour
 89305 | Zot:2    | Noticed an ancient lich
 89326 | Zot:2    | Killed an ancient lich
 89524 | Zot:2    | Noticed an ancient lich
 89539 | Zot:2    | Killed an ancient lich
 90066 | Zot:2    | Reached skill level 15 in Dodging
 90100 | Zot:2    | Reached XP level 25. HP: 233/243 MP: 32/33
 90612 | Zot:3    | Noticed an orb of fire
 90636 | Zot:3    | Gained mutation: Your body sometimes deteriorates upon taking damage. [an orb of fire]
 90641 | Zot:3    | Killed an orb of fire
 91699 | Zot:3    | Reached skill level 16 in Dodging
 93840 | Zot:4    | Reached skill level 17 in Dodging
 95240 | Zot:5    | Entered Level 5 of the Realm of Zot
 95965 | Zot:5    | Noticed an orb of fire
 95980 | Zot:5    | Killed an orb of fire
 95980 | Zot:5    | Reached skill level 24 in Fighting
 95980 | Zot:5    | Reached skill level 21 in Armour
 96208 | Zot:5    | Reached XP level 26. HP: 221/254 MP: 31/33
 96294 | Zot:5    | Lost mutation: Your body sometimes deteriorates upon taking damage. [a Zot trap]
 96512 | Zot:5    | Noticed an ancient lich
 96530 | Zot:5    | Killed an ancient lich
 96591 | Zot:5    | Reached skill level 18 in Dodging
 97271 | Zot:5    | Noticed an orb of fire
 97280 | Zot:5    | Killed an orb of fire
 98359 | Zot:5    | Noticed an orb of fire
 98421 | Zot:5    | Gained mutation: You are weak. (Str -2) [an orb of fire]
 98423 | Zot:5    | Gained mutation: You are very weak. (Str -4) [an orb of fire]
 98425 | Zot:5    | Gained mutation: You are occasionally teleported next to monsters. [an orb of fire]
 98427 | Zot:5    | Gained mutation: You occasionally shout uncontrollably at your foes. [an orb of fire]
 98431 | Zot:5    | Gained mutation: You are frail. (-10% HP) [an orb of fire]
 98435 | Zot:5    | Gained mutation: Scrolls take you a little longer to read. [an orb of fire]
 98439 | Zot:5    | Gained mutation: Your spells are a little easier to cast, but a little less powerful. [an orb of fire]
 98443 | Zot:5    | Killed an orb of fire
 98444 | Zot:5    | Lost mutation: Your spells are a little easier to cast, but a little less powerful. [potion of mutation]
 98444 | Zot:5    | Lost mutation: Your system is resistant to poisons. (rPois) [potion of mutation]
 98444 | Zot:5    | Lost mutation: You have a pair of small horns on your head. [potion of mutation]
 98444 | Zot:5    | Gained mutation: Scrolls take you longer to read. [potion of mutation]
 98444 | Zot:5    | Gained mutation: You are partially covered in iridescent scales. (AC +2) [potion of mutation]
 98445 | Zot:5    | Lost mutation: You are frail. (-10% HP) [potion of mutation]
 98445 | Zot:5    | Lost mutation: You are partially covered in iridescent scales. (AC +2) [potion of mutation]
 98445 | Zot:5    | Lost mutation: Scrolls take you longer to read. [potion of mutation]
 98445 | Zot:5    | Lost mutation: You are very weak. (Str -4) [potion of mutation]
 98445 | Zot:5    | Gained mutation: Scrolls take you longer to read. [potion of mutation]
 98445 | Zot:5    | Lost mutation: You are clumsy. (Dex -2) [potion of mutation]
 98446 | Zot:5    | Lost mutation: You are occasionally teleported next to monsters. [potion of mutation]
 98446 | Zot:5    | Lost mutation: You are weak. (Str -2) [potion of mutation]
 98446 | Zot:5    | Lost mutation: Scrolls take you longer to read. [potion of mutation]
 98446 | Zot:5    | Gained mutation: Your flesh is heat resistant. (rF+) [potion of mutation]
 98446 | Zot:5    | Gained mutation: You are somewhat resistant to further mutation. [potion of mutation]
 98678 | Zot:5    | Reached skill level 19 in Dodging
 99040 | Zot:5    | Noticed an orb of fire
 99054 | Zot:5    | Killed an orb of fire
 99085 | Zot:5    | Noticed an orb of fire
 99103 | Zot:5    | Killed an orb of fire
 99217 | Zot:5    | Noticed an orb of fire
 99233 | Zot:5    | Killed an orb of fire
100354 | Zot:5    | Lost mutation: Scrolls take you a little longer to read. [potion of mutation]
100354 | Zot:5    | Lost mutation: You are somewhat resistant to further mutation. [potion of mutation]
100354 | Zot:5    | Lost mutation: You occasionally shout uncontrollably at your foes. [potion of mutation]
100354 | Zot:5    | Lost mutation: Your flesh is heat resistant. (rF+) [potion of mutation]
100354 | Zot:5    | Gained mutation: You are resistant to hostile enchantments. (MR+) [potion of mutation]
100354 | Zot:5    | Gained mutation: Scrolls take you a little longer to read. [potion of mutation]
100354 | Zot:5    | Gained mutation: You are resistant to electric shocks. (rElec) [potion of mutation]
100354 | Zot:5    | Gained mutation: You are surrounded by a mild repulsion field. (EV +2) [potion of mutation]
100355 | Zot:5    | Lost mutation: Scrolls take you a little longer to read. [potion of mutation]
100355 | Zot:5    | Lost mutation: You are resistant to hostile enchantments. (MR+) [potion of mutation]
100355 | Zot:5    | Gained mutation: Your body sometimes deteriorates upon taking damage. [potion of mutation]
100355 | Zot:5    | Gained mutation: You have a pair of small horns on your head. [potion of mutation]
100378 | Zot:5    | Got the Orb of Zot
100382 | Zot:5    | Noticed Irra the pandemonium lord
100422 | Zot:5    | Noticed Qityucs the pandemonium lord
100449 | Zot:5    | Noticed Biolleguarph the pandemonium lord
100867 | D:11     | Reached skill level 22 in Armour
101130 | D:$      | Escaped with the Orb!

Vault maps used:
D:1:      enne_arrival_octagon_isle, serial_bayou_pond_d, serial_bayou_crossing
D:2:      lemuel_tele_altar
D:3:      overflow_temple_1_default, old_standard_altar, lightli_temple_of_fire,
          overflow_temple_1_default, first_ration
D:4:      grunt_gozag_statues, minmay_temple_entry_poolview, serial_bayou,
          serial_bayou_pond_c, serial_bayou_pond_a, serial_bayou_ford_a,
          serial_bayou_lagoon_b, fedhas_altar_4
D:5:      serial_shops, shop, cheibrodos_ashenzari_chains, uniq_blork_the_orc
D:6:      chequers_temple_overflow_statue_of_worship
D:7:      overflow_temple_1_default, enter_ossuary_3
D:8:      minmay_the_grid_square_5x5_3x3
D:9:      lair_entry_dummy, grunt_livestock
D:10:     david_orc_5, nicolae_sextant
D:12:     cheibriados_altar_1, uniq_azrael
D:14:     david_vaults_3, abandoned_shop, uniq_frances, uniq_snorg, uniq_louise
D:15:     grunt_enter_depths_magical_seal, minmay_sticks_and_stones
Lair:2:   nicolae_quartered_pool_medium, columned_hall_lemuel, worms_lemuel
Lair:3:   elwin_shoals_entry_rocks, minmay_snake_entry_guardpost_small,
          beast_lair_carwin_1
Lair:4:   pond_and_an_island_with_a_cottage, grunt_megastairs_5,
          minmay_lair_oklob_chamber
Lair:5:   nicolae_slime_entry_slimehenge, uniq_kirke
Lair:6:   minmay_lair_end_enchanted_forest, st_stairs_11, uniq_josephine
Shoals:1: nicolae_shoals_aquamancer_cove
Shoals:2: serial_shops, shop, uniq_nikola, uniq_polyphemus
Shoals:3: serial_shops, shop, uniq_jorgrun
Shoals:4: shoals_end_simple, shoal_ilsuiw, serial_shops, shop
Snake:1:  minmay_shoptagon
Snake:2:  hangedman_snake_thin_pillar_pass, uniq_roxanne
Snake:3:  grunt_ministairs_3
Snake:4:  johnstein_snake_rune_scales, serial_shops, nicolae_shop_statue_plus
Orc:1:    serial_shops, shop, basic_altar
Orc:2:    st_orc_pillars
Elf:1:    orc_legates
Elf:2:    nicolae_elf_big_sculpture_1
Elf:3:    minmay_elf_hall_quartered_circle, serial_sigils_hangedman_scar,
          einodemon_crawler_minivault
Vaults:1: nicolae_vaults_network_s, ontoclasm_vaults_spin, v_alt_pattern_1,
          nicolae_vaults_little_squares_2, v_pattern_2, v_misc_12, v_misc_9,
          nicolae_vaults_ring_of_whatevers, ontoclasm_vaults_fault,
          hangedman_vaults_stitches, v_misc_16, nicolae_vaults_hallways_thing,
          portal_desolation_entry_garden, serial_shops, bzr_entry_gold
Vaults:2: minmay_crypt_entry_necro_gods, hangedman_vaults_snaps,
          nicolae_vaults_network_square, v_misc_22, grunt_vaults_diagonal,
          ontoclasm_vaults_chip, vaults_standard_mumra_enter_the_diamond,
          mu_enter_wizlab_5, serial_shops, bzr_entry_lakeside, uniq_xtahua
Vaults:3: vaults_room_grid, vaults_room_fours, vaults_room_ringed_pool,
          nicolae_vaults_little_squares_1, nicolae_vaults_stairing_the_circle,
          nicolae_vaults_windows_and_doors_thing, v_misc_12, v_misc_18,
          vaults_mumra_chevron, nicolae_vaults_border_crossing,
          nicolae_vaults_little_squares_2, ontoclasm_vaults_shuriken,
          uniq_donald
Vaults:4: hangedman_vaults_stretched_pinwheel, vaults_room_door_hall,
          nicolae_vaults_circle_grid_b, hangedman_vaults_slither,
          vaults_mumra_hexcomb, nicolae_vaults_little_squares_3, v_misc_25,
          v_alt_pattern_6, ontoclasm_vaults_misaligned, vaults_room_hallway,
          uniq_aizul
Vaults:5: uniq_saint_roka
Depths:1: minmay_misc_feat_more_columns, rand_demon_pan_entry_4, serial_shops,
          statue_bzr, shop_coins, nicolae_shop_waterfront, shop_coins,
          pf_vacation_house_of_asmodeus, minmay_metal_thing, grunt_megastairs_2,
          minmay_shop_grove
Depths:2: kennysheep_large_spiral, abyss_entry_flame_altar, hell_entry,
          minmay_misc_feat_encased, minmay_shop_star, uniq_mara
Depths:3: gammafunk_dig_for_victory, rand_demon_pan_entry_5,
          hangedman_coc_ice_floe, nicolae_lava_and_water
Depths:4: kennysheep_scales, enter_ziggurat_a, grunt_mini_vestibule,
          abyss_entry, nrook_uturn
Depths:5: grunt_zot_entry_bicorn, minmay_splitting_lines,
          grunt_hell_entry_dis_grunt, uniq_frederick
Zot:2:    hangedman_zot_vaults_quadrants
Zot:3:    lemuel_golem_globe
Zot:4:    lemuel_draconian_sentries
Zot:5:    grunt_ministairs_11, basic_stair_grate_trap
Bazaar:   bazaar_minmay_cross, bazaar_jpeg_oval
Ossuary:  ossuary_tomb_3
WizLab:   wizlab_lehudib

Skill      XL: |  1  2  3  4  5  6  7  8  9 10 11 12 13 14 15 16 17 18 19 20 21 22 23 24 25 26 |
---------------+-------------------------------------------------------------------------------+-----
Maces & Flails | 2 3 4 5 7 9 11 12 14 15 16 | 16.0
Shields        | 3 4 8 13 15 | 15.0
Armour         | 3 4 5 6 8 9 10 11 12 13 14 15 16 17 18 19 20 21 22 | 22.0
Fighting       | 5 6 7 9 10 12 13 16 17 19 20 22 23 24 | 24.8
Evocations     | 3 5 6 8 |  8.0
Dodging        | 5 9 10 11 12 15 17 19 | 19.5
Translocations | 1 6 7 |  7.0
Throwing       | 2 9 10 12 13 | 13.1
Spellcasting   | 2 |  2.0

Action                   |  1- 3 |  4- 6 |  7- 9 | 10-12 | 13-15 | 16-18 | 19-21 | 22-24 | 25-27 || total
-------------------------+-------+-------+-------+-------+-------+-------+-------+-------+-------++-------
Melee: Flail             |   150 |   193 |   554 |  1515 |  1783 |       |       |       |       ||  4195
       Eveningstar       |       |       |       |       |   823 |  2037 |  2170 |  1961 |  1180 ||  8171
       Morningstar       |       |       |       |       |   202 |       |       |       |       ||   202
       Headbutt          |       |       |       |       |       |       |   700 |   692 |   332 ||  1724
Throw: Stone             |    22 |    19 |   100 |   179 |    38 |       |       |       |       ||   358
       Tomahawk          |       |       |       |       |    57 |    27 |       |       |       ||    84
       Javelin           |       |       |       |       |       |    26 |    76 |   339 |   112 ||   553
       Throwing net      |       |       |       |       |       |       |       |     4 |     4 ||     8
 Cast: Blink             |       |       |       |       |       |       |     1 |       |     1 ||     2
       Apportation       |       |       |       |       |       |       |       |    14 |    14 ||    28
 Abil: Evoke Invisibilit |       |       |       |       |       |       |       |       |     1 ||     1
Evoke: Wand              |       |       |       |    16 |    18 |    24 |     5 |    10 |    27 ||   100
       Lightning rod     |       |       |       |       |     4 |       |       |       |       ||     4
       Box of beasts     |       |       |       |       |       |       |     1 |       |       ||     1
       Phial of floods   |       |       |       |       |       |       |       |       |     1 ||     1
  Use: Scroll            |     3 |     3 |     5 |    15 |    15 |    14 |    14 |    15 |    19 ||   103
       Potion            |       |       |     1 |       |     1 |     7 |     6 |     6 |    19 ||    40
 Stab: Invisible         |       |       |       |       |       |     2 |       |       |     8 ||    10
       Distracted        |       |       |       |       |       |       |     1 |     1 |     1 ||     3
       Held in net/web   |       |       |       |       |       |       |       |     3 |       ||     3
  Eat: Chunk             |     5 |    11 |    13 |    34 |    49 |    40 |    43 |    46 |    15 ||   256
       Ration            |       |       |       |     1 |     3 |     5 |     4 |     6 |     6 ||    25
Armor: Scale mail        |    63 |    80 |       |       |       |       |       |       |       ||   143
       Chain mail        |       |    20 |   282 |   586 |   882 |   361 |       |       |       ||  2131
       Plate armour      |       |       |       |       |       |    81 |   453 |   842 |   429 ||  1805
Dodge: Dodged            |    39 |    46 |   130 |   323 |   966 |   599 |   660 |   784 |   459 ||  4006
Block: Shield            |    63 |    95 |       |       |   393 |   993 |  1072 |   939 |   632 ||  4187
       Buckler           |       |    11 |   193 |   384 |   535 |       |       |       |       ||  1123

Table legend:
 A = Spawn XP
 B = Non-spawn XP
 C = Spawn XP percentage of total XP
 D = Spawn monster count
 E = Non-spawn monster count
 F = Spawn count percentage of total count
 G = Total turns spent on level
                    A         B        C        D         E        F      G
               +---------+---------+-------+---------+---------+-------+---------
         Total |       0 | 1759762 |   0.0 |       0 |    2472 |   0.0 | 101130
               +---------+---------+-------+---------+---------+-------+---------
           D:1 |       0 |      34 |   0.0 |       0 |      20 |   0.0 |   801
           D:2 |       0 |      49 |   0.0 |       0 |      15 |   0.0 |  1548
           D:3 |       0 |     258 |   0.0 |       0 |      20 |   0.0 |  1438
           D:4 |       0 |     314 |   0.0 |       0 |      20 |   0.0 |  1192
           D:5 |       0 |     338 |   0.0 |       0 |      18 |   0.0 |  1187
           D:6 |       0 |    1495 |   0.0 |       0 |      28 |   0.0 |  1278
           D:7 |       0 |    2913 |   0.0 |       0 |      28 |   0.0 |   952
           D:8 |       0 |    5563 |   0.0 |       0 |      40 |   0.0 |  1566
           D:9 |       0 |    5094 |   0.0 |       0 |      42 |   0.0 |  1697
          D:10 |       0 |    3568 |   0.0 |       0 |      52 |   0.0 |  2038
          D:11 |       0 |    3559 |   0.0 |       0 |      34 |   0.0 |  2256
          D:12 |       0 |    8197 |   0.0 |       0 |      50 |   0.0 |  1839
          D:13 |       0 |    6095 |   0.0 |       0 |      30 |   0.0 |  1145
          D:14 |       0 |   22630 |   0.0 |       0 |      55 |   0.0 |  1738
          D:15 |       0 |   27945 |   0.0 |       0 |      58 |   0.0 |  1904
        Lair:1 |       0 |    4848 |   0.0 |       0 |      20 |   0.0 |  1609
        Lair:2 |       0 |   10013 |   0.0 |       0 |      43 |   0.0 |  2339
        Lair:3 |       0 |    7824 |   0.0 |       0 |      25 |   0.0 |  1545
        Lair:4 |       0 |    5166 |   0.0 |       0 |      28 |   0.0 |  1422
        Lair:5 |       0 |   10513 |   0.0 |       0 |      41 |   0.0 |  1262
        Lair:6 |       0 |   20000 |   0.0 |       0 |      74 |   0.0 |  2181
      Shoals:1 |       0 |   16729 |   0.0 |       0 |      28 |   0.0 |  1549
      Shoals:2 |       0 |   17758 |   0.0 |       0 |      23 |   0.0 |  1898
      Shoals:3 |       0 |   21326 |   0.0 |       0 |      37 |   0.0 |  2554
      Shoals:4 |       0 |   33380 |   0.0 |       0 |      65 |   0.0 |  1786
       Snake:1 |       0 |   27117 |   0.0 |       0 |      52 |   0.0 |  1612
       Snake:2 |       0 |   13697 |   0.0 |       0 |      21 |   0.0 |  1221
       Snake:3 |       0 |   18291 |   0.0 |       0 |      44 |   0.0 |  2163
       Snake:4 |       0 |   58108 |   0.0 |       0 |      89 |   0.0 |  2656
         Orc:1 |       0 |    3799 |   0.0 |       0 |      28 |   0.0 |  1419
         Orc:2 |       0 |   13758 |   0.0 |       0 |     119 |   0.0 |  3015
         Elf:1 |       0 |   23840 |   0.0 |       0 |      41 |   0.0 |  1677
         Elf:2 |       0 |   25613 |   0.0 |       0 |      41 |   0.0 |  1027
         Elf:3 |       0 |   63152 |   0.0 |       0 |      64 |   0.0 |  3214
      Vaults:1 |       0 |   36765 |   0.0 |       0 |      64 |   0.0 |  1495
      Vaults:2 |       0 |   58737 |   0.0 |       0 |      73 |   0.0 |  2631
      Vaults:3 |       0 |   71342 |   0.0 |       0 |     104 |   0.0 |  2565
      Vaults:4 |       0 |   45537 |   0.0 |       0 |      55 |   0.0 |  1935
      Vaults:5 |       0 |  165180 |   0.0 |       0 |     143 |   0.0 |  3915
      Depths:1 |       0 |   36700 |   0.0 |       0 |      49 |   0.0 |  1737
      Depths:2 |       0 |   85770 |   0.0 |       0 |      80 |   0.0 |  2658
      Depths:3 |       0 |   35707 |   0.0 |       0 |      51 |   0.0 |  1466
      Depths:4 |       0 |   45929 |   0.0 |       0 |      51 |   0.0 |  2509
      Depths:5 |       0 |   90910 |   0.0 |       0 |      71 |   0.0 |  4704
         Zot:1 |       0 |   60896 |   0.0 |       0 |      46 |   0.0 |  1628
         Zot:2 |       0 |   96083 |   0.0 |       0 |      53 |   0.0 |  3045
         Zot:3 |       0 |   68603 |   0.0 |       0 |      32 |   0.0 |  1795
         Zot:4 |       0 |   86867 |   0.0 |       0 |      59 |   0.0 |  2543
         Zot:5 |       0 |  238471 |   0.0 |       0 |      78 |   0.0 |  5105
       Ossuary |       0 |     174 |   0.0 |       0 |      16 |   0.0 |   375
        WizLab |       0 |   53107 |   0.0 |       0 |      54 |   0.0 |  2195
               +---------+---------+-------+---------+---------+-------+---------

Vault maps used:
D:1:      enne_arrival_octagon_isle, serial_bayou_pond_d, serial_bayou_crossing
D:2:      lemuel_tele_altar
D:3:      overflow_temple_1_default, old_standard_altar, lightli_temple_of_fire,
          overflow_temple_1_default, first_ration
D:4:      grunt_gozag_statues, minmay_temple_entry_poolview, serial_bayou,
          serial_bayou_pond_c, serial_bayou_pond_a, serial_bayou_ford_a,
          serial_bayou_lagoon_b, fedhas_altar_4
D:5:      serial_shops, shop, cheibrodos_ashenzari_chains, uniq_blork_the_orc
D:6:      chequers_temple_overflow_statue_of_worship
D:7:      overflow_temple_1_default, enter_ossuary_3
D:8:      minmay_the_grid_square_5x5_3x3
D:9:      lair_entry_dummy, grunt_livestock
D:10:     david_orc_5, nicolae_sextant
D:12:     cheibriados_altar_1, uniq_azrael
D:14:     david_vaults_3, abandoned_shop, uniq_frances, uniq_snorg, uniq_louise
D:15:     grunt_enter_depths_magical_seal, minmay_sticks_and_stones
Lair:2:   nicolae_quartered_pool_medium, columned_hall_lemuel, worms_lemuel
Lair:3:   elwin_shoals_entry_rocks, minmay_snake_entry_guardpost_small,
          beast_lair_carwin_1
Lair:4:   pond_and_an_island_with_a_cottage, grunt_megastairs_5,
          minmay_lair_oklob_chamber
Lair:5:   nicolae_slime_entry_slimehenge, uniq_kirke
Lair:6:   minmay_lair_end_enchanted_forest, st_stairs_11, uniq_josephine
Shoals:1: nicolae_shoals_aquamancer_cove
Shoals:2: serial_shops, shop, uniq_nikola, uniq_polyphemus
Shoals:3: serial_shops, shop, uniq_jorgrun
Shoals:4: shoals_end_simple, shoal_ilsuiw, serial_shops, shop
Snake:1:  minmay_shoptagon
Snake:2:  hangedman_snake_thin_pillar_pass, uniq_roxanne
Snake:3:  grunt_ministairs_3
Snake:4:  johnstein_snake_rune_scales, serial_shops, nicolae_shop_statue_plus
Orc:1:    serial_shops, shop, basic_altar
Orc:2:    st_orc_pillars
Elf:1:    orc_legates
Elf:2:    nicolae_elf_big_sculpture_1
Elf:3:    minmay_elf_hall_quartered_circle, serial_sigils_hangedman_scar,
          einodemon_crawler_minivault
Vaults:1: nicolae_vaults_network_s, ontoclasm_vaults_spin, v_alt_pattern_1,
          nicolae_vaults_little_squares_2, v_pattern_2, v_misc_12, v_misc_9,
          nicolae_vaults_ring_of_whatevers, ontoclasm_vaults_fault,
          hangedman_vaults_stitches, v_misc_16, nicolae_vaults_hallways_thing,
          portal_desolation_entry_garden, serial_shops, bzr_entry_gold
Vaults:2: minmay_crypt_entry_necro_gods, hangedman_vaults_snaps,
          nicolae_vaults_network_square, v_misc_22, grunt_vaults_diagonal,
          ontoclasm_vaults_chip, vaults_standard_mumra_enter_the_diamond,
          mu_enter_wizlab_5, serial_shops, bzr_entry_lakeside, uniq_xtahua
Vaults:3: vaults_room_grid, vaults_room_fours, vaults_room_ringed_pool,
          nicolae_vaults_little_squares_1, nicolae_vaults_stairing_the_circle,
          nicolae_vaults_windows_and_doors_thing, v_misc_12, v_misc_18,
          vaults_mumra_chevron, nicolae_vaults_border_crossing,
          nicolae_vaults_little_squares_2, ontoclasm_vaults_shuriken,
          uniq_donald
Vaults:4: hangedman_vaults_stretched_pinwheel, vaults_room_door_hall,
          nicolae_vaults_circle_grid_b, hangedman_vaults_slither,
          vaults_mumra_hexcomb, nicolae_vaults_little_squares_3, v_misc_25,
          v_alt_pattern_6, ontoclasm_vaults_misaligned, vaults_room_hallway,
          uniq_aizul
Vaults:5: uniq_saint_roka
Depths:1: minmay_misc_feat_more_columns, rand_demon_pan_entry_4, serial_shops,
          statue_bzr, shop_coins, nicolae_shop_waterfront, shop_coins,
          pf_vacation_house_of_asmodeus, minmay_metal_thing, grunt_megastairs_2,
          minmay_shop_grove
Depths:2: kennysheep_large_spiral, abyss_entry_flame_altar, hell_entry,
          minmay_misc_feat_encased, minmay_shop_star, uniq_mara
Depths:3: gammafunk_dig_for_victory, rand_demon_pan_entry_5,
          hangedman_coc_ice_floe, nicolae_lava_and_water
Depths:4: kennysheep_scales, enter_ziggurat_a, grunt_mini_vestibule,
          abyss_entry, nrook_uturn
Depths:5: grunt_zot_entry_bicorn, minmay_splitting_lines,
          grunt_hell_entry_dis_grunt, uniq_frederick
Zot:2:    hangedman_zot_vaults_quadrants
Zot:3:    lemuel_golem_globe
Zot:4:    lemuel_draconian_sentries
Zot:5:    grunt_ministairs_11, basic_stair_grate_trap
Bazaar:   bazaar_minmay_cross, bazaar_jpeg_oval
Ossuary:  ossuary_tomb_3
WizLab:   wizlab_lehudib

Table legend:
 A = Turns spent in this place as a percentage of turns spent in the entire game.
 B = Non-inter-level travel turns spent in this place as a percentage of non-inter-level travel turns spent in the entire game.
 C = Inter-level travel turns spent in this place as a percentage of turns spent in this place.
 D = Turns resting spent in this place as a percentage of non-inter-level travel turns spent in this place.
 E = Turns spent auto-exploring this place as a percentage of non-inter-level travel turns spent in this place.
 F = Non-inter-level travel turns spent in this place divided by the number of levels of this place that you've seen.
                   A       B       C       D       E      F
               +-------+-------+-------+-------+-------+----------------------
         Total | 100.0 | 100.0 |   7.9 |  32.6 |  23.8 | 1757.6
       Dungeon |  22.3 |  20.3 |  16.3 |  22.1 |  35.3 | 1259.6
          Lair |  10.2 |  10.2 |   8.1 |  21.1 |  31.0 | 1587.3
        Shoals |   7.7 |   7.9 |   5.7 |  55.3 |   7.8 | 1835.5
     Snake Pit |   7.6 |   7.8 |   5.3 |  36.8 |  22.7 | 1812.5
  Orcish Mines |   4.4 |   4.5 |   4.7 |  32.6 |  10.7 | 2113.5
   Elven Halls |   5.9 |   6.1 |   3.7 |  33.0 |  35.8 | 1899.0
        Vaults |  12.4 |  12.8 |   4.7 |  27.6 |  23.6 | 2391.0
        Depths |  12.9 |  12.7 |   9.3 |  41.9 |  16.1 | 2371.8
           Zot |  14.0 |  14.7 |   2.7 |  34.7 |  21.6 | 2746.6
        Bazaar |   0.1 |   0.1 |   0.0 |   0.0 |   0.0 |  50.5
       Ossuary |   0.4 |   0.4 |   0.0 |  13.1 |  26.1 | 375.0
        Wizlab |   2.2 |   2.4 |   0.0 |  52.2 |   0.0 | 2195.0
               +-------+-------+-------+-------+-------+----------------------

Table legend:
 A = Kills in this place as a percentage of kills in entire the game.
 B = Kills by you in this place as a percentage of kills by you in the entire game.
 C = Kills by friends in this place as a percentage of kills by friends in the entire game.
 D = Other kills in this place as a percentage of other kills in the entire game.
 E = Experience gained in this place as a percentage of experience gained in the entire game.
 F = Experience gained in this place divided by the number of levels of this place that you have seen.
                   A       B       C       D       E      F
               +-------+-------+-------+-------+-------+----------------------
         Total | 100.0 | 100.0 | 100.0 | 100.0 | 100.0 | 33586.5
       Dungeon |  20.7 |  20.8 |   0.0 |   0.0 |   5.3 | 6273.7
          Lair |   9.3 |   9.3 |   0.0 |  28.6 |   3.3 | 9727.3
        Shoals |   6.1 |   5.9 | 100.0 |  14.3 |   5.0 | 22298.2
     Snake Pit |   8.3 |   8.3 |   0.0 |   0.0 |   6.6 | 29303.2
  Orcish Mines |   5.9 |   5.9 |   0.0 |   0.0 |   1.0 | 8778.5
   Elven Halls |   5.9 |   5.9 |   0.0 |   0.0 |   6.3 | 37535.0
        Vaults |  17.6 |  17.6 |   0.0 |  57.1 |  21.2 | 75512.2
        Depths |  12.3 |  12.4 |   0.0 |   0.0 |  16.8 | 59977.4
           Zot |  11.0 |  11.0 |   0.0 |   0.0 |  31.5 | 112063.2
       Ossuary |   0.6 |   0.6 |   0.0 |   0.0 |   0.0 | 174.0
        Wizlab |   2.2 |   2.2 |   0.0 |   0.0 |   3.0 | 53107.0
               +-------+-------+-------+-------+-------+----------------------
